 Dungeon Crawl Stone Soup version 0.22.1-2-g9c5b331 (webtiles) character file.

46 MalarOregon the Chiller (level 3, 0/24 HPs)
             Began as a Merfolk Ice Elementalist on Nov 12, 2018.
             Succumbed to an adder's poison
             ... on level 2 of the Dungeon.
             The game lasted 00:03:25 (1070 turns).

MalarOregon the Chiller (Merfolk Ice Elementalist)  Turns: 1070, Time: 00:03:26

Health: 0/24       AC:  3    Str:  8    XL:     3   Next: 66%
Magic:  3/6        EV: 13    Int: 15    God:
Gold:   40         SH:  0    Dex: 14    Spells: 3/6 levels left

rFire    . . .     SeeInvis .   d - +0 dagger
rCold    . . .     Gourm    +   (no shield)
rNeg     . . .     Faith    .   a - +0 robe
rPois    .         Spirit   .   (no helmet)
rElec    .         Reflect  .   (no cloak)
rCorr    .         Harm     .   (no gloves)
MR       .....                  g - +0 pair of boots (curse)
Stlth    ++........             f - amulet of the gourmand
HPRegen  0.08/turn              (no ring)
MPRegen  0.10/turn              (no ring)

@: lethally poisoned (0 -> -9), very slightly contaminated
A: change form in water, swift swim, stealthy swim
a: no special abilities


You were on level 2 of the Dungeon.
You were completely stuffed.

You visited 1 branch of the dungeon, and saw 2 of its levels.

You collected 40 gold pieces.

Inventory:

Hand Weapons
 d - a +0 dagger (weapon)
   (You took it off a kobold on level 1 of the Dungeon)
Armour
 a - a +0 robe (worn)
 g - a cursed +0 pair of boots (worn)
   (You found it on level 1 of the Dungeon)
Jewellery
 f - an amulet of the gourmand (around neck)
   (You found it on level 1 of the Dungeon)
Scrolls
 c - a scroll of identify {unknown}
Comestibles
 e - a ration {!d}


   Skills:
 + Level 3.3 Dodging
 + Level 2.6 Stealth
 * Level 2.4 Spellcasting
 * Level 0.9 Conjurations
 * Level 3.9 Ice Magic


You had 3 spell levels left.
You knew the following spells:

 Your Spells              Type           Power        Failure   Level  Hunger
a - Freeze                Ice            ##..         4%          1    #......
x - Throw Frost           Conj/Ice       #.....       12%         2    ###....

Your spell library contained the following spells:

 Spells                   Type           Power        Failure   Level  Hunger
 Ozocubu's Armour         Chrm/Ice       #.......     28%         3    ###....
 Throw Icicle             Conj/Ice       #.......     58%         4    #####..
 Summon Ice Beast         Ice/Summ       #.......     67%         4    #####..


Dungeon Overview and Level Annotations

Branches:
Dungeon (2/15)

Altars:


Message History

An adder comes into view.
Aim: a bat You freeze the bat.
You kill the bat!
The adder hisses angrily. x2
Aim: an adder The puff of frost misses the adder. x2
Aim: an adder You freeze the adder.
The adder barely misses you. The adder misses you.
Aim: an adder You freeze the adder.
The adder bites you.
Aim: an adder (moderately wounded)
You freeze the adder.
The adder seems to slow down.
The adder barely misses you. The adder misses you.
You closely miss the adder. The adder closely misses you. The adder bites you.
You are poisoned.
The adder poisons you!
You hit the adder but do no damage.
You feel sick. The adder closely misses you. The adder barely misses you.
You feel sick.
The adder is no longer moving slowly.
The adder bites you.
* * * LOW HITPOINT WARNING * * *
You are more poisoned.
The adder poisons you!
There is an open door here.
You feel sick.
Aim: an adder You freeze the adder.
You feel sick. The adder barely misses you.
You hit the adder.
You feel sick. The adder misses you. The adder bites you.
* * * LOW HITPOINT WARNING * * *
You are more poisoned.
The adder poisons you!
It was a potion of magic.
Magic courses through your body. The adder bites you.
* * * LOW HITPOINT WARNING * * *
Aim: an adder (moderately wounded)
You miscast Freeze.
You are very lightly contaminated with residual magic.
Nothing appears to happen.
* * * LOW HITPOINT WARNING * * *
You feel sick. The adder bites you but does no damage.
Aim: an adder (moderately wounded)
You freeze the adder.
* * * LOW HITPOINT WARNING * * *
You feel sick. The adder bites you.
* * * LOW HITPOINT WARNING * * *
The adder closely misses you.
Aim: an adder (heavily wounded)
You freeze the adder.
You kill the adder!
You die...

#.# #.# #######.# ##+#
#.......# ##...##
#.#####.# ##.....##
#.###...##
##.......###........#
#.....†...##.#...#..##
+........S'@.........##
#.........##.#........#
##...################.#
##.##..............#.#
###...............'.#
##..........÷.....###
#....##############
#...##
#....##############


You could see an adder.

Vanquished Creatures
  An adder (D:2)
  3 dart slugs (D:1)
  3 leopard geckos (D:1)
  7 bats
  A giant cockroach (D:1)
  2 goblins (D:1)
  2 hobgoblins (D:1)
  3 frilled lizards
  2 kobolds (D:1)
  6 rats
30 creatures vanquished.

Notes
Turn   | Place    | Note
-------+----------+-------------------------------------------
     0 | D:1      | MalarOregon the Merfolk Ice Elementalist began the quest
                  | for the Orb.
     0 | D:1      | Reached XP level 1. HP: 13/13 MP: 3/3
   105 | D:1      | Reached XP level 2. HP: 19/19 MP: 0/5
   553 | D:1      | Reached XP level 3. HP: 24/24 MP: 6/6
   580 | D:1      | Learned a level 2 spell: Throw Frost
  1069 | D:2      | HP: 1/24 [adder (1)]
  1070 | D:2      | Succumbed to an adder's poison

Skill      XL: |  1  2 |
---------------+-------+-----
Dodging        | 3 |  3.3
Stealth        | |  2.6
Spellcasting   | |  2.4
Conjurations   | |  0.9
Ice Magic      | |  3.9

Action                   || total
-------------------------++-------
Melee: Unarmed           ||    17
       Dagger            ||    34
 Cast: Freeze            ||    37
       Throw Frost       ||     1
  Use: Scroll            ||     2
       Potion            ||     1
 Stab: Sleeping          ||     4
  Eat: Chunk             ||    13
Armor: Robe              ||     9
Dodge: Dodged            ||    55
